 Dungeon Crawl Stone Soup version 0.29.1-14-g9c671dbff4 (webtiles) character file.

Game seed: 16432743925747855569

197 Cape the Chopper (level 5, -9/47 HPs)
             Began as a Minotaur Berserker on Feb 17, 2023.
             Was a Believer of Trog.
             Killed by divine providence
             ... invoked by an orc priest
              (12 damage)
             ... on level 3 of the Dungeon.
             The game lasted 00:05:10 (2010 turns).

Cape the Chopper (Minotaur Berserker)               Turns: 2010, Time: 00:05:10

Health: -9/47      AC: 14    Str: 23    XL:     5   Next: 46%
Magic:  4/4        EV:  7    Int:  4    God:    Trog [**....]
Gold:   60         SH:  0    Dex: 10    Spells: 4/4 levels left

rFire   . . .      SeeInvis .   b - +0 war axe
rCold   . . .      Faith    .   (no shield)
rNeg    . . .      Spirit   .   a - +0 plate armour
rPois   .          Reflect  .   (helmet unavailable)
rElec   .          Harm     .   (no cloak)
rCorr   +          Rampage  .   j - +0 pair of gloves
Will    .....                   f - +0 pair of boots
Stlth   ..........              (no amulet)
HPRegen 0.15/turn               e - ring of resist corrosion
MPRegen 0.09/turn               (no ring)

@: lethally poisoned (-9 -> -25)
A: horns 3, retaliatory headbutt, deterioration 1
a: Renounce Religion, Berserk, Trog's Hand


You were on level 3 of the Dungeon.
You worshipped Trog.
Trog was pleased with you.
You visited 1 branch of the dungeon, and saw 3 of its levels.

You collected 60 gold pieces.

Inventory:

Hand Weapons
 b - a +0 war axe (weapon)
Missiles
 i - 36 stones
 l - 4 javelins (quivered)
Armour
 a - a +0 plate armour (worn)
 f - a +0 pair of boots (worn)
 j - a +0 pair of gloves (worn)
Jewellery
 e - a ring of resist corrosion (left hand)
Scrolls
 c - a scroll of enchant weapon {unknown}
 d - 2 scrolls of fear {unknown}
 h - a scroll of poison {unknown}
 m - a scroll of noise {unknown}
 o - a scroll of vulnerability {unknown}
 q - a scroll of identify {unknown}
 s - a scroll of amnesia {unknown}
Potions
 k - a potion of cancellation {unknown}
 n - a potion of curing {unknown}
 p - a potion of might {unknown}
 r - a potion of brilliance {unknown}


   Skills:
 + Level 4.8 Fighting
 + Level 4.9 Axes
 + Level 4.1 Armour
 + Level 3.6 Dodging


You had 4 spell levels left.
You didn't know any spells.
Your spell library was empty.

Dungeon Overview and Level Annotations

Branches:
Dungeon (3/15)

Altars:

Annotations:
D:3 1 runed translucent door, Crazy Yiuf


Innate Abilities, Weirdness & Mutations

You have a pair of large horns on your head.
You reflexively headbutt those who attack you in melee.
Your body sometimes deteriorates upon taking damage.


Message History

The bat completely misses you. The bat hits you but does no damage.
The bat hits you but does no damage. The bat hits you but does no damage.
The bat barely misses you. You furiously retaliate!
You headbutt the bat.
You kill the bat!
Trog accepts your kill.
You see here a bat corpse.
You closely miss the orc. Your headbutt misses the orc.
The orc barely misses you.
You barely miss the orc. Your headbutt misses the orc.
The orc barely misses you. You furiously retaliate!
You headbutt the orc. You hit the orc. Your headbutt misses the orc.
The orc is severely wounded.
The orc priest calls upon Beogh to heal the orc.
The orc's wounds heal themselves!
The orc hits you but does no damage.
You barely miss the orc.
The orc priest looks braver for a moment.
The orc barely misses you. You furiously retaliate!
You headbutt the orc. The orc hits you but does no damage.
The orc priest calls upon Beogh to heal the orc.
The orc is healed somewhat.
You slash the orc!
You kill the orc!
Trog accepts your kill.
The orc priest hits you from afar with a +2 trident of venom.
You are poisoned.
You barely miss the orc. Your headbutt misses the orc.
You feel very sick.
The orc priest hits you from afar with a +2 trident of venom.
* * * LOW HITPOINT WARNING * * *
You are lethally poisoned!
The orc hits you with a +0 club.
* * * LOW HITPOINT WARNING * * *
It was a potion of mutation.
You feel extremely strange.
You feel yourself wasting away. The horns on your head grow some more.
* * * LOW HITPOINT WARNING * * *
You feel very sick.
The orc priest invokes the aid of Beogh against you.
Beogh smites you!
You die...

#..........#
###########
#.########.#
#.........# #.#
#.# #.#######.#
#.# #.# #.# #.#
#.# #.# #.#####
#.###.# #.#
#.....# #.....#
#.#
########†#########
###.#
......)))o@.......
#..).
########o######.##
#.#.# #.# #.#.#
########.## #...#
........o.##.#
#####
........o....# #
..........#### #
..........# .# #
.........o# #.# #


You could see an orc priest and an orc.

Vanquished Creatures
  An orc priest (D:2)
  Natasha (twice) (D:3)
  3 gnolls (D:3)
  3 adders
  2 worms (D:2)
  2 dart slugs (D:2)
  4 orcs
  6 bats
  6 endoplasms
  3 giant cockroaches
  4 goblins
  2 hobgoblins (D:2)
  3 jackals (D:1)
  2 quokkas
  2 ball pythons
  2 kobolds (D:2)
  4 rats
51 creatures vanquished.

Notes
Turn   | Place    | Note
-------+----------+-------------------------------------------
     0 | D:1      | Cape the Minotaur Berserker began the quest for the Orb.
     0 | D:1      | Reached XP level 1. HP: 19/19 MP: 0/0
   312 | D:1      | Reached XP level 2. HP: 22/27 MP: 1/1
   867 | D:2      | Reached XP level 3. HP: 33/33 MP: 2/2
  1027 | D:2      | Found a faded altar of an unknown god.
  1235 | D:2      | Reached XP level 4. HP: 23/41 MP: 3/3
  1402 | D:2      | Reached ** piety under Trog
  1667 | D:3      | Found a runed translucent door.
  1668 | D:3      | Noticed Crazy Yiuf
  1815 | D:3      | Noticed Natasha
  1821 | D:3      | Killed Natasha
  1822 | D:3      | Reached XP level 5. HP: 40/47 MP: 4/4
  1970 | D:3      | Noticed Natasha
  1979 | D:3      | Killed Natasha
  2010 | D:3      | Gained mutation: Your body sometimes deteriorates upon
                  | taking damage. [potion of mutation]
  2010 | D:3      | Gained mutation: You have a pair of large horns on your
                  | head. [potion of mutation]
  2010 | D:3      | Killed from afar by an orc priest

Illustrated notes

Levels and vault maps discovered:
D:1:      dpeg_arrival_tiny_a, layout_rooms, grunt_decor_arrowhead,
          serial_bayou_ford_a
D:2:      layout_loops_cross, hellmonk_ecumenical_altar_heavens_door
D:3:      layout_basic, uniq_natasha, uniq_crazy_yiuf_cottage

Skill      XL: |  1  2  3  4  5 |
---------------+----------------+-----
Fighting       | 4 |  4.8
Axes           | 4 |  4.9
Armour         | 3 4 |  4.1
Dodging        | 3 |  3.6

Action                   |  1- 3 |  4- 6 || total
-------------------------+-------+-------++-------
Melee: Hand axe          |    22 |       ||    22
       War axe           |    49 |    51 ||   100
       Headbutt          |     9 |     7 ||    16
  Use: Potion            |       |     1 ||     1
Armor: Chain mail        |    23 |       ||    23
       Plate armour      |    36 |    44 ||    80
Dodge: Dodged            |    30 |    21 ||    51
